 Dungeon Crawl Stone Soup version 0.30-a0-782-ge64f9170bb (webtiles) character file.

Game seed: 6725077144638567051

83309 Leeroy the Fencer (level 15, 0/124 HPs)
             Began as a Merfolk Monk on Mar 3, 2023.
             Was a Follower of Uskayaw.
             Shot with an arrow by a satyr (7 damage)
             ... on level 2 of the Shoals.
             The game lasted 00:49:43 (23319 turns).

Leeroy the Fencer (Merfolk Monk)                   Turns: 23319, Time: 00:49:43

Health: 0/124      AC: 14    Str: 16    XL:     15   Next: 76%
Magic:  0/23       EV: 33    Int:  9    God:    Uskayaw [*.....]
Gold:   1028       SH:  0    Dex: 29    Spells: 14/14 levels left

rFire   . . .      SeeInvis .    E - +8 dagger of Kang {spect, rC+ Str+3}
rCold   + . .      Faith    .    (no shield)
rNeg    . . .      Spirit   +    p - quicksilver dragon scales
rPois   .          Reflect  .    u - +0 helmet
rElec   .          Harm     .    I - scarf {shadows}
rCorr   .          Rampage  .    b - +0 pair of gloves
Will    ++...                    (boots currently unavailable)
Stlth   +++++                    Y - amulet of guardian spirit
HPRegen 0.40/turn                U - +6 ring of dexterity
MPRegen 0.18/turn                i - +4 ring of slaying

@: very quick
A: nimble swimmer 2, mertail
a: Renounce Religion, Stomp


You were on level 2 of the Shoals.
You worshipped Uskayaw.
Uskayaw was aware of your devotion.
You visited 5 branches of the dungeon, and saw 23 of its levels.
You also visited: Sewer and Ice Cave.

You collected 1483 gold pieces.
You spent 455 gold pieces at shops.

Inventory:

Hand Weapons
 A - a +0 triple sword of freezing
 E - the +8 dagger of Kang (weapon) {spect, rC+ Str+3}
   (You found it on level 4 of the Dungeon)

   Str:       It affects your strength (+3).
   rC:        It protects you from cold.
 N - a +2 scimitar of flaming
 P - a +1 great sword of holy wrath
Missiles
 B - 8 throwing nets
 C - 30 poisoned darts
 V - 3 curare-tipped darts (quivered)
Armour
 b - a +0 pair of gloves (worn)
 n - +0 acid dragon scales
 p - quicksilver dragon scales (worn)
 r - a +1 pair of boots of stealth (melded)
 u - a +0 helmet (worn)
 x - a +4 scale mail of cold resistance
 z - a +0 robe of resistance
 I - a scarf of shadows (worn)
 R - a +3 troll leather armour {Snorg}
Jewellery
 a - a ring of magical power
 e - a ring of resist corrosion
 i - a +4 ring of slaying (right hand)
 q - a ring of protection from cold
 s - a +6 ring of dexterity
 F - a ring of flight
 O - a ring of protection from cold
 U - a +6 ring of dexterity (left hand)
 Y - an amulet of guardian spirit (around neck)
Wands
 c - a wand of acid (6)
 o - a wand of roots (10)
 w - a wand of digging (3)
 Q - a wand of mindburst (6)
 S - a wand of flame (20)
 T - a wand of paralysis (7)
Scrolls
 d - 2 scrolls of brand weapon
 j - 7 scrolls of poison
 y - a scroll of fog
 J - 8 scrolls of teleportation
 L - 2 scrolls of immolation
 M - 2 scrolls of torment
 W - a scroll of magic mapping
 X - 2 scrolls of enchant armour
 Z - a scroll of silence
Potions
 f - 6 potions of mutation
 g - 2 potions of brilliance
 h - 4 potions of haste
 k - 2 potions of resistance
 l - 5 potions of attraction
 m - 5 potions of lignification
 t - 4 potions of heal wounds
 v - 6 potions of curing
 D - 2 potions of magic {unknown}
 G - 2 potions of invisibility {unknown}
 H - 2 potions of cancellation {unknown}
 K - 3 potions of might {unknown}


   Skills:
 - Level 13.3 Fighting
 + Level 18.9 Long Blades
 - Level 7.0 Armour
 - Level 16.3 Dodging
 - Level 8.2 Stealth
 - Level 11.7 Invocations


You had 14 spell levels left.
You didn't know any spells.
Your spell library contained the following spells:

 Spells                   Type           Power      Damage    Failure   Level
 Apportation              Tloc           0%         N/A       56%         1
 Necrotise                Necr           0%         1d4       56%         1
 Summon Small Mammal      Summ           0%         N/A       56%         1
 Inner Flame              Hex/Fire       0%         N/A       91%         3
 Vampiric Draining        Necr           0%         2d6       91%         3
 Cause Fear               Hex            0%         N/A       100%        4
 Agony                    Necr           0%         N/A       100%        5
 Fireball                 Conj/Fire      0%         3d3       100%        5
 Iskenderun's Battlesphe  Conj           0%         2d6       100%        5
 Conjure Ball Lightning   Conj/Air       0%         3x3d6     100%        6
 Malign Gateway           Summ/Tloc      0%         N/A       100%        7
 Orb of Destruction       Conj           0%         9d5       100%        7
 Borgnjor's Revivificati  Necr           0%         N/A       100%        8
 Discord                  Hex            0%         N/A       100%        8
 Necromutation            Tmut/Necr      0%         N/A       100%        8
 Summon Horrible Things   Summ           0%         N/A       100%        8
 Death's Door             Necr           0%         N/A       100%        9


Dungeon Overview and Level Annotations

Branches:
Dungeon (14/15)            Temple (1/1) D:5            Lair (5/5) D:11
 Shoals (2/4) Lair:3       Spider (1/4) Lair:3        Slime (0/5) Lair:4
    Orc (0/2) D:12         Vaults (0/5) D:14          Sewer (visited)
  IceCv (visited)

Altars:
Ashenzari
Cheibriados
Dithmenos
Elyvilon
Fedhas
Gozag
Hepliaklqana
Kikubaaqudgha
Makhleb
Nemelex Xobeh
Okawaru
Qazlal
Ru
Sif Muna
Trog
Uskayaw
Vehumet
Wu Jian
Xom
Yredelemnul
Zin
The Shining One
Jiyva

Shops:
D:4 :   D:5 [   D:12 [   Shoals:1 *

Annotations:
D:14 Nessos


Innate Abilities, Weirdness & Mutations

You are very nimble when in or above water. (Stealth+, EV+, Speed+++)
Your lower body shifts to a powerful aquatic tail in water.


Message History

You feel stealthy.
The satyr shouts!
The satyr unwields a +0 spear.
The satyr wields a +2 longbow of flaming.
It bursts into flame!
The satyr shoots an arrow.
The arrow hits you!! The arrow burns you!
The satyr shoots an arrow.
The arrow misses you.
Your legs become a tail as you enter the water.
Your +1 pair of boots of stealth melds into your body.
You feel less stealthy.
The satyr shoots an arrow.
The arrow hits you!!! The arrow burns you.
You are too injured to fight recklessly!
You are too injured to fight recklessly!
You are too injured to fight recklessly!
You are too injured to fight recklessly!
You are too injured to fight recklessly!
You are too injured to fight recklessly!
You are too injured to fight recklessly!
You puncture the satyr!
The satyr is lightly wounded.
Your +8 dagger of Kang {spect, rC+ Str+3} hits the satyr!
You completely miss the satyr.
You tail-slap the satyr, but do no damage.
The satyr is moderately wounded.
Your +8 dagger of Kang {spect, rC+ Str+3} closely misses the satyr.
The satyr shoots an arrow.
The arrow hits you!!
* * * LOW HITPOINT WARNING * * *
The arrow burns you!
* * * LOW HITPOINT WARNING * * *
You hit the satyr.
The satyr is moderately wounded.
Your +8 dagger of Kang {spect, rC+ Str+3} closely misses the satyr.
You feel much better.
The satyr shoots an arrow.
The arrow hits you!!
* * * LOW HITPOINT WARNING * * *
The arrow burns you!
* * * LOW HITPOINT WARNING * * *
You feel much better.
The satyr shoots an arrow.
The arrow hits you!!
* * * LOW HITPOINT WARNING * * *
The arrow burns you!
You die...

≈≈≈≈~~≈≈≈~.~~~~..~~≈~.....#..~~~~
≈≈≈~~~≈≈≈≈.<..~~.~~≈≈~~~~...~~~~~
≈≈≈~~.≈≈≈≈≈~...~~~~~~~~~~~..~~.~~
≈≈≈~.~≈≈≈≈≈≈≈≈~..~~~~.~~~~~..~..~
≈≈~~~≈≈≈≈≈≈≈≈~~...~~~~~≈~~~.~~~~~
≈≈~~~≈≈≈≈≈≈≈≈......~~≈≈≈≈≈~~~≈≈≈≈
≈~~~~~≈≈≈≈≈≈≈≈~...~~≈≈≈≈≈≈≈≈≈≈≈≈≈
≈~~..~~≈≈≈≈≈≈≈≈~..~≈≈≈≈≈≈≈≈≈≈≈≈≈≈
≈~~..~~~≈≈≈≈≈~~~@~≈≈≈~~~~≈≈≈≈≈≈≈≈
≈≈~~~~~≈≈≈~...~~.c~~~~~~~~≈≈≈≈≈≈≈
≈≈≈≈~~≈≈≈.....§§§~~~~..~~~≈≈≈≈≈≈≈
≈≈≈≈~~≈~.......~~~~≈~.#~~~~≈≈≈≈≈≈
≈~~........###....~≈.##.~~~≈≈≈≈≈≈
~~...~...~.# #...~~~.....~~~..~~≈
≈~~......~.###..~~~~~..###.###~~~
≈~~.###........ ~~~~~~~##..##..~~
~..## #........ ~~≈≈~~..#>..#.~~~


You could see a satyr.

Vanquished Creatures
  Rupert (D:13)
  Snorg (D:10)
  A merfolk impaler (Shoals:2)
  A hydra (Lair:5)
  A catoblepas (Lair:5)
  Erica (D:8)
  2 boulder beetles
  2 centaur warriors
  3 merfolk aquamancers
  2 merfolk avatars
  A deep troll shaman (Lair:5)
  5 two-headed ogres
  5 death yaks
  The ghost of caveywoolpert the Geomancer, a novice GrEE of Vehumet (D:8)
  2 skysharks
  8 sea snakes
  Amaemon (Lair:1)
  Pikel (D:4)
  8 harpies
  An orc knight (D:12)
  2 ugly things
  6 manticores
  6 fauns
  2 cyclopes (D:12)
  3 torpor snails
  10 elephants (Lair:5)
  5 merfolk sirens
  6 black mambas
  A water nymph (Shoals:1)
  2 ice statues (IceCv)
  3 gargoyles
  An orange demon (Lair:1)
  6 cane toads
  3 unseen horrors
  2 kobold demonologists
  2 ice devils (D:12)
  11 komodo dragons
  A freezing wraith (IceCv)
  6 rime drakes
  A tengu conjurer (D:13)
  3 trolls
  8 merfolk
  3 polar bears
  Prince Ribbit (D:6)
  3 wind drakes
  8 blink frogs
  A blink frog (shapeshifter) (D:13)
  10 dream sheep
  10 slime creatures (D:12)
  A shadow (D:11)
  The ghost of kae the Firebug, an amateur TeFE (D:4)
  69 yaks
  9 wyverns
  12 water elementals
  3 steam dragons
  3 basilisks
  A death yak simulacrum (IceCv)
  6 vampire mosquitoes
  Menkaure (D:6)
  2 acid dragons (D:10)
  11 water moccasins
  5 orc warriors
  A sky beast (D:6)
  2 black bears
  An ogre (D:5)
  27 wolves
  4 centaurs
  A phantom (D:4)
  A lemure (D:3)
  4 kobold brigands
  3 gnoll sergeants
  11 bullfrogs
  2 necrophages
  A scorpion (D:6)
  A cane toad simulacrum (IceCv)
  10 wights
  2 elephant simulacra (IceCv)
  7 howler monkeys
  6 electric eels
  A jelly (D:7)
  6 orc priests
  6 hounds
  4 iguanas
  3 orc wizards
  A polar bear simulacrum (IceCv)
  14 gnolls
  19 adders
  A shadow imp (D:8)
  3 white imps (D:6)
  2 worms (D:2)
  2 dart slugs
  21 orcs
  11 ball pythons
  2 endoplasms
  9 giant cockroaches
  6 hobgoblins
  7 jackals (D:1)
  16 kobolds
  6 quokkas
  5 bats
  12 frilled lizards
  6 goblins
  4 rats
549 creatures vanquished.

Vanquished Creatures (others)
  20 fungi
  62 plants
  4 tentacles (Shoals:1)
86 creatures vanquished.

Grand Total: 635 creatures vanquished

Notes
Turn   | Place    | Note
-------+----------+-------------------------------------------
     0 | D:1      | Leeroy the Merfolk Monk began the quest for the Orb.
     0 | D:1      | Reached XP level 1. HP: 18/18 MP: 1/1
    98 | D:1      | Reached skill level 4 in Long Blades
   106 | D:1      | Reached XP level 2. HP: 19/24 MP: 2/2
   441 | D:1      | Reached XP level 3. HP: 29/29 MP: 3/3
   442 | D:1      | Reached skill level 5 in Long Blades
  1274 | D:2      | Reached XP level 4. HP: 32/35 MP: 4/4
  1312 | D:2      | Reached skill level 6 in Long Blades
  1441 | D:2      | Found a faded altar of an unknown god.
  1757 | D:3      | Found a basalt altar of Yredelemnul.
  1833 | D:3      | Found a glowing drain.
  2069 | Sewer    | Entered a sewer
  2079 | Sewer    | Reached XP level 5. HP: 41/41 MP: 5/5
  2165 | Sewer    | Reached skill level 7 in Long Blades
  2292 | Sewer    | Reached skill level 8 in Long Blades
  2292 | Sewer    | Reached XP level 6. HP: 32/47 MP: 6/6
  2989 | D:4      | Noticed Pikel
  3128 | D:4      | Killed Pikel
  3129 | D:4      | Reached skill level 10 in Long Blades
  3129 | D:4      | Reached XP level 7. HP: 39/52 MP: 7/7
  3189 | D:4      | Found Faatz's Book Shoppe.
  3217 | D:4      | Found a runed translucent door.
  3222 | D:4      | Noticed kae's ghost (amateur TeFE)
  3536 | D:4      | Reached skill level 11 in Long Blades
  3536 | D:4      | Reached XP level 8. HP: 57/58 MP: 8/8
  4091 | D:4      | Killed kae's ghost
  4092 | D:4      | Reached skill level 12 in Long Blades
  4096 | D:4      | Identified the +8 dagger of Kang {spect, rC+ Str+3}
  4124 | D:5      | Entered Level 5 of the Dungeon
  4410 | D:5      | Reached skill level 5 in Dodging
  4794 | D:5      | Found Retzyniss's Antique Armour Emporium.
  4808 | D:5      | Bought a glowing scarf for 208 gold pieces
  4890 | D:5      | Found a staircase to the Ecumenical Temple.
  5044 | Temple   | Entered the Ecumenical Temple
  5335 | Temple   | Became a worshipper of Uskayaw the Reveller
  5335 | Temple   | Reached * piety under Uskayaw
  5494 | D:6      | Noticed Prince Ribbit
  5602 | D:6      | Reached XP level 9. HP: 64/64 MP: 9/9
  5649 | D:6      | Noticed Menkaure
  5655 | D:6      | Killed Menkaure
  5655 | D:6      | Reached ** piety under Uskayaw
  6360 | D:6      | Reached skill level 10 in Dodging
  6434 | D:6      | Killed Prince Ribbit
  7249 | D:8      | Noticed Erica
  7271 | D:8      | HP: 2/64 [poisoned by Erica (bolt of poison)]
  7276 | D:8      | Killed Erica
  7277 | D:8      | Reached XP level 10. HP: 37/70 MP: 10/10
  7501 | D:8      | Found an ornate altar of the Wu Jian Council.
  7696 | D:8      | Reached *** piety under Uskayaw
  7732 | D:8      | Found a runed translucent gate.
  7732 | D:8      | Found a runed translucent gate.
  7732 | D:8      | Found a runed translucent gate.
  7734 | D:8      | Noticed caveywoolpert's ghost (novice GrEE)
  7786 | D:8      | Reached **** piety under Uskayaw
  8374 | D:8      | Found a sacrificial altar of Ru.
  8606 | D:8      | Reached skill level 13 in Long Blades
  8774 | D:9      | Reached ***** piety under Uskayaw
  8881 | D:9      | Reached skill level 14 in Long Blades
  9172 | D:9      | Reached XP level 11. HP: 58/75 MP: 11/11
  9178 | D:9      | Reached skill level 15 in Long Blades
  9621 | D:9      | Noticed a centaur warrior
  9634 | D:9      | Killed a centaur warrior
  9845 | D:10     | Entered Level 10 of the Dungeon
 10240 | D:10     | You are sucked into a shaft and drop 2 floors!
 10284 | D:12     | Reached skill level 5 in Stealth
 10316 | D:12     | Noticed a manticore
 10329 | D:12     | Killed a manticore
 10333 | D:12     | Found a frozen archway.
 10596 | D:12     | Noticed a cyclops
 10610 | D:12     | Noticed a manticore
 10611 | D:12     | Found Kishroej's Armour Emporium.
 10767 | IceCv    | Entered an ice cave
 10767 | IceCv    | Noticed a white ugly thing
 10929 | IceCv    | Killed a white ugly thing
 11037 | IceCv    | Found a transporter.
 11054 | IceCv    | Found a transporter.
 11554 | IceCv    | Reached skill level 5 in Fighting
 11788 | D:12     | Reached XP level 12. HP: 74/89 MP: 9/12
 11862 | D:12     | Bought a +1 pair of boots of stealth for 247 gold pieces
 12104 | D:12     | Noticed a boulder beetle
 12122 | D:12     | Killed a boulder beetle
 12373 | D:12     | Found a staircase to the Orcish Mines.
 12757 | D:13     | Found a hide-covered altar of Uskayaw.
 12813 | D:13     | Noticed a two-headed ogre
 12822 | D:13     | Killed a two-headed ogre
 12823 | D:13     | Reached skill level 10 in Fighting
 13066 | D:13     | Noticed Rupert
 13070 | D:13     | Paralysed by Rupert for 3 turns
 13074 | D:13     | Killed Rupert
 13265 | D:13     | Noticed a centaur warrior
 13279 | D:13     | Killed a centaur warrior
 13498 | D:13     | Noticed a two-headed ogre
 13504 | D:13     | Killed a two-headed ogre
 13849 | D:14     | Noticed a two-headed ogre
 13849 | D:14     | Noticed Nessos
 13849 | D:14     | Found a gate to the Vaults.
 13953 | D:11     | Reached XP level 13. HP: 103/109 MP: 11/13
 13953 | D:11     | Found a staircase to the Lair.
 14169 | D:11     | Reached skill level 1 in Invocations
 15099 | D:10     | Noticed Snorg
 15103 | D:10     | Killed Snorg
 15230 | D:10     | Found an opulent altar of Gozag.
 15274 | D:10     | Reached skill level 15 in Dodging
 15274 | D:10     | Reached skill level 5 in Invocations
 15457 | D:8      | Killed caveywoolpert's ghost
 15609 | Lair:1   | Entered Level 1 of the Lair of Beasts
 15699 | Lair:1   | Noticed Amaemon
 15712 | Lair:1   | Killed Amaemon
 16911 | Lair:2   | Reached skill level 1 in Armour
 17062 | Lair:2   | Identified the +0 chain mail of Decompression {Str+4
                  | Slay+2}
 17078 | Lair:2   | Reached XP level 14. HP: 110/118 MP: 18/20
 17808 | Lair:3   | Found a hole to the Spider Nest.
 17945 | Lair:3   | Found a staircase to the Shoals.
 18030 | Lair:3   | Found an ancient bone altar of Kikubaaqudgha.
 18346 | Spider:1 | Entered Level 1 of the Spider Nest
 18392 | Lair:4   | Reached skill level 10 in Invocations
 18463 | Lair:4   | Found a viscous altar of Jiyva.
 18464 | Lair:4   | Found a staircase to the Slime Pits.
 18602 | Lair:4   | You fall into a shaft and drop 1 floor!
 18602 | Lair:5   | Entered Level 5 of the Lair of Beasts
 19189 | Lair:5   | Reached skill level 5 in Armour
 20100 | Lair:5   | Reached XP level 15. HP: 109/124 MP: 20/23
 20250 | Lair:5   | Identified the +1 mace of Disharmony {antimagic, rN+ Int+7
                  | Stlth-}
 20350 | Lair:5   | Identified a scroll of acquirement
 20350 | Lair:5   | Acquired a +0 triple sword of freezing
 21293 | Shoals:1 | Entered Level 1 of the Shoals
 21378 | Shoals:1 | Reached skill level 16 in Long Blades
 21623 | Shoals:1 | Found Licieb's Overcharged Wands.
 21705 | Shoals:1 | Reached skill level 17 in Long Blades
 22053 | Shoals:1 | Noticed a kraken
 22629 | Shoals:2 | Reached skill level 18 in Long Blades
 23318 | Shoals:2 | HP: 5/124 [satyr/arrow (10)]
 23319 | Shoals:2 | Shot with an arrow by a satyr

Illustrated notes

Levels and vault maps discovered:
D:1:      saegor_arrival_simple_d, layout_basic, glass_columns_a
D:2:      layout_rooms, shapermc_ecumenical_altar_mp_ritualfount
D:3:      layout_loops_ring, mainiacjoe_overflow_catwalk, serial_rivers,
          chequers_serial_rivers_room_a, chequers_serial_rivers_micro_c,
          chequers_serial_rivers_small_b, chequers_serial_rivers_micro_c,
          gup_sewer_entry_glass
D:4:      layout_gridville, serial_shops, nicolae_shop_crystal,
          ebering_ghost_sewer_d, minmay_liquid_box, uniq_pikel
D:5:      layout_basic, minmay_temple_entry_trees, serial_shops,
          nicolae_shop_statue_plus
D:6:      layout_loops_corners, serial_bayou_crossing, uniq_prince_ribbit1,
          uniq_menkaure
D:7:      layout_basic
D:8:      layout_loops_corners, mainiacjoe_overflow_small_starburst,
          gammafunk_ghost_split, serial_park_tiny_1, kennysheep_diamond,
          uniq_erica
D:9:      layout_basic
D:10:     layout_basic, old_standard_altar, uniq_snorg
D:11:     layout_basic, minmay_lair_entry_grove
D:12:     layout_cave_pools, orc_david_3, portal_ice_cave_demonic_guard,
          nicolae_inconvenience_store, grunt_ministairs_6
D:13:     layout_loops_cross, nicolae_uskayaw_dance_hall, uniq_rupert
D:14:     layout_basic, david_vaults_3, serial_undead, serial_undead_a,
          serial_undead_d, serial_undead_c, serial_undead_b,
          nicolae_vehumet_radiance, uniq_frances
Temple:   compressed_dpeg_triangle_lava_temple
Lair:1:   layout_cave_shapes, grunt_megastairs_2, lemuel_fruit_fields,
          uniq_amaemon
Lair:2:   layout_gridlike
Lair:3:   layout_long_grid, shoals_dummy_entry, spider_nest_entry_webs,
          basic_altar
Lair:4:   layout_regular_city, slime_entry_1
Lair:5:   grunt_lair_end_beastmaster, layout_gridlike, serial_rivers,
          chequers_serial_rivers_room_b, chequers_serial_rivers_micro_c,
          chequers_serial_rivers_micro_c, chequers_serial_rivers_large_a,
          chequers_serial_rivers_micro_a, amcnicky_mini_pool_medium
Shoals:1: layout_shoals, nicolae_shop_overcharged_wands
Shoals:2: layout_shoals
Spider:1: nicolae_spider_hilbert_zone_5 [nicolae_spider_hilbert_3_sides_1_open,
          nicolae_spider_hilbert_4_sides_1_open,
          nicolae_spider_hilbert_4_sides_1_open,
          nicolae_spider_hilbert_6_sides_1_open,
          nicolae_spider_hilbert_6_sides_1_open], guppyfry_hornet_nest,
          uniq_asterion, uniq_louise

Skill      XL: |  1  2  3  4  5  6  7  8  9 10 11 12 13 14 15 |
---------------+----------------------------------------------+-----
Long Blades    | 4 5 6 8 10 11 12 14 15 18 | 18.9
Dodging        | 7 13 14 16 | 16.3
Stealth        | 8 |  8.2
Fighting       | 6 12 13 | 13.3
Invocations    | 8 11 | 11.7
Armour         | 1 6 7 |  7.0

Action                     |  1- 3 |  4- 6 |  7- 9 | 10-12 | 13-15 || total
---------------------------+-------+-------+-------+-------+-------++-------
  Melee: Falchion          |   108 |   125 |    72 |       |       ||   305
         Punch             |     1 |       |     3 |    10 |    20 ||    34
         Tailslap          |       |     3 |     2 |     2 |    39 ||    46
         Dagger            |       |       |   104 |   411 |   802 ||  1317
         Scimitar          |       |       |       |     8 |       ||     8
         Great sword       |       |       |       |    26 |       ||    26
  Throw: Dart              |       |       |       |     1 |       ||     1
  Evoke: Wand              |       |       |       |     5 |     3 ||     8
    Use: Potion            |       |     1 |     4 |     2 |     2 ||     9
         Scroll            |       |       |     2 |    21 |    11 ||    34
   Stab: Sleeping          |     4 |     4 |       |     8 |    27 ||    43
         Distracted        |       |       |     1 |    14 |    27 ||    42
         Paralysed         |       |       |       |    20 |    62 ||    82
         Fleeing           |       |       |       |     1 |       ||     1
         Betrayed ally     |       |       |       |     1 |       ||     1
 Armour: Robe              |    18 |    17 |       |       |       ||    35
         Scale mail        |       |     5 |    49 |    29 |       ||    83
         Skin              |       |       |     3 |     1 |       ||     4
         Troll leather arm |       |       |       |    12 |       ||    12
         Quicksilver drago |       |       |       |    27 |    77 ||   104
  Dodge: Dodged            |   109 |   122 |    74 |   270 |   607 ||  1182

Table legend: (Time is in decaauts)
 A = Elapsed time spent in this place.
 B = Non-inter-level travel time spent in this place.
 C = Inter-level travel time spent in this place.
 D = Time resting spent in this place.
 E = Time spent auto-exploring this place.
 F = Levels seen in this place.
 G = Mean time per level.
                   A        B        C        D        E       F      G
               +--------+--------+--------+--------+--------+-----+--------+
         Total |  22307 |  21004 |   1303 |   1978 |  15086 |  25 |  892.3 |
       Dungeon |  13679 |  12785 |    894 |    932 |   9688 |  14 |  977.1 |
        Temple |    310 |    292 |     18 |      0 |    278 |   1 |  310.0 |
          Lair |   5630 |   5240 |    390 |    254 |   3975 |   5 | 1126.0 |
        Shoals |   1434 |   1434 |      0 |     66 |    962 |   2 |  717.0 |
   Spider Nest |      1 |      1 |      0 |      0 |      0 |   1 |    1.0 |
         Sewer |    309 |    309 |      0 |      0 |    182 |   1 |  309.0 |
      Ice Cave |    941 |    941 |      0 |    726 |      0 |   1 |  941.0 |
               +--------+--------+--------+--------+--------+-----+--------+

Top non-repeatable levels by time:
     D:8: 1803 daAuts
  Lair:5: 1718 daAuts
    D:12: 1476 daAuts
  Lair:3: 1303 daAuts
     D:4: 1147 daAuts
     D:6: 1128 daAuts
    D:13: 1091 daAuts
     D:1: 1090 daAuts
    D:11: 1004 daAuts
     D:5: 997 daAuts
     D:9: 973 daAuts
  Lair:2: 965 daAuts
  Lair:4: 949 daAuts
   IceCv: 941 daAuts
     D:3: 869 daAuts
